 Dungeon Crawl Stone Soup version 0.23.2-1-ga50397a (webtiles) character file.

Game seed: 10291202387336290537

925 MalarOregon the Ruffian (level 8, -3/67 HPs)
             Began as a Ghoul Warper on May 28, 2019.
             Was a Follower of Makhleb.
             Shot with an arrow by a centaur (6 damage)
             ... on level 6 of the Dungeon.
             The game lasted 00:12:00 (7413 turns).

MalarOregon the Ruffian (Ghoul Warper)              Turns: 7413, Time: 00:12:01

Health: -3/67      AC:  5    Str: 15    XL:     8   Next: 10%
Magic:  2/10       EV: 10    Int:  9    God:    Makhleb [*.....]
Gold:   186        SH:  8    Dex:  9    Spells: 4/11 levels left

rFire    + . .     SeeInvis .     - Unarmed
rCold    + + +     Gourm    .   m - +0 shield {rF+}
rNeg     + + +     Faith    .   f - +1 leather armour {rC+}
rPois    ∞         Spirit   .   (no helmet)
rElec    .         Reflect  .   (no cloak)
rCorr    .         Harm     .   i - +0 pair of gloves
MR       .....                  (no boots)
Stlth    +.........             (no amulet)
HPRegen  0.00/turn              o - ring of protection from cold
MPRegen  0.12/turn              (no ring)

@: very slightly contaminated, rotting
A: rotting body, claws 1, carnivore, cold resistance 1, negative energy
resistance 3, inhibited regeneration, torment resistance, unbreathing
a: Renounce Religion


You were on level 6 of the Dungeon.
You worshipped Makhleb.
Makhleb was aware of your devotion.
You were not hungry.

You visited 1 branch of the dungeon, and saw 6 of its levels.

You collected 186 gold pieces.

Inventory:

Missiles
 b - 3 tomahawks
 n - 5 tomahawks of dispersal (quivered) {!f}
 r - 5 javelins
Armour
 f - a +1 leather armour of cold resistance (worn)
   (You found it on level 1 of the Dungeon)
 i - a +0 pair of gloves (worn)
   (You found it on level 1 of the Dungeon)
 j - a cursed +0 leather armour
   (You found it on level 1 of the Dungeon)
 m - a +0 shield of fire resistance (worn)
   (You found it on level 2 of the Dungeon)
Jewellery
 o - a ring of protection from cold (left hand)
   (You found it on level 2 of the Dungeon)
 s - a +2 ring of evasion {unknown}
   (You found it on level 4 of the Dungeon)
Wands
 d - a wand of iceblast (5)
   (You found it on level 2 of the Dungeon)
Scrolls
 a - 5 scrolls of identify {@r1}
 g - a scroll of amnesia {unknown}
 k - a scroll of fog {unknown}
 p - a scroll of magic mapping
 t - a scroll of remove curse {unknown}
Potions
 c - a potion of heal wounds {@q2}
 h - a potion of brilliance
 l - a potion of mutation {unknown}
 q - a potion of ambrosia {unknown}
Comestibles
 e - 13 rations {!d}


   Skills:
 + Level 4.9 Fighting
 - Level 1.0 Throwing
 + Level 3.6 Armour
 + Level 4.0 Dodging
 + Level 3.0 Shields
 + Level 4.9 Unarmed Combat
 + Level 2.0 Spellcasting
 - Level 2.6 Translocations
 + Level 0.0 Earth Magic
 + Level 0.0 Invocations
 + Level 0.0 Evocations


You had 4 spell levels left.
You knew the following spells:

 Your Spells              Type           Power        Failure   Level  Hunger
a - Lee's Rapid Deconstr  Erth           #.........   100%        5    ######.
b - Blink                 Tloc           N/A          67%         2    ###....

Your spell library contained the following spells:

 Spells                   Type           Power        Failure   Level  Hunger
 Shroud of Golubria       Chrm/Tloc      #.........   86%         2    ###....
 Sandblast                Erth           #.....       88%         1    ##.....
 Gell's Gravitas          Tloc           #.........   88%         3    ####...
 Lesser Beckoning         Tloc           #.........   88%         3    ####...
 Teleport Other           Tloc           #.......     88%         3    ####...
 Passwall                 Tmut/Erth      #.......     96%         2    ###....
 Stone Arrow              Conj/Erth      #.....       99%         3    ####...
 Passage of Golubria      Tloc           N/A          99%         4    #####..
 Petrify                  Tmut/Erth      #.......     100%        4    #####..


Dungeon Overview and Level Annotations

Branches:
Dungeon (6/15)
 Temple: D:4-7

Altars:
Makhleb
Xom

Annotations:
D:4 Dowan, Duvessa


Innate Abilities, Weirdness & Mutations

Your body is rotting away.
You thrive on raw meat.
You are immune to poison.
You have sharp fingernails.
You are carnivorous and can eat meat at any time.
Your flesh is cold resistant. (rC+)
You are immune to negative energy. (rN+++)
You do not regenerate when monsters are visible.
You are immune to unholy pain and torment.
You can survive without breathing.


Message History

The centaur hits you but does no damage.
The orc priest shouts!
You hit the centaur. The centaur closely misses you.
The orc warrior misses you.
You hit the centaur but do no damage. The centaur closely misses you.
You barely miss the centaur. The centaur hits you!
You block the orc warrior's attack.
The orc priest looks satisfied for a moment.
You block the centaur's attack.
Eat a chunk of flesh? (ye/n/q)
Okay, then.
As you read the scroll labeled OTEVVAE CALA, it crumbles to dust.
It is a scroll of identify.
p - a scroll of magic mapping The centaur hits you.
* * * LOW HITPOINT WARNING * * *
The orc warrior hits you with a +0 battleaxe.
* * * LOW HITPOINT WARNING * * *
The orc priest invokes the aid of Beogh against you.
Beogh smites you!
* * * LOW HITPOINT WARNING * * *
Eat a chunk of flesh? (ye/n/q)
You eat the chunk of flesh.
This raw flesh tastes great!
The centaur closely misses you.
The orc warrior hits you but does no damage.
The centaur hits you but does no damage.
Unknown command.
You punch the orc priest! You block the centaur's attack.
The orc closely misses you. The orc priest closely misses you.
The orc warrior hits you with a +0 battleaxe!
* * * LOW HITPOINT WARNING * * *
Okay, then.
Okay, then.
You blink.
The orc priest shouts!
You miscast Blink.
You are very lightly contaminated with residual magic.
The world appears momentarily distorted!
The orc priest begins to cast a cantrip, but forgets the words!
The orc priest invokes the aid of Beogh against you.
Beogh smites you!
* * * LOW HITPOINT WARNING * * *
You miscast Blink.
The world appears momentarily distorted!
The orc priest hits you but does no damage.
You blink.
Unknown command.
The centaur wields a +0 shortbow.
The centaur shoots an arrow.
The arrow hits you.
You die...

#...........#..# #.O#
#.........##...# #<##..
#...........o..# ###..#..
#........o#..§# ##.......
#.......o.co..###........
#.......o.....##......(..
#......(....[..#.........
####.#....>..............
# ###@................
#...................
#...................
#.##..((..............
#...........###.....##
#####.......# ########
##.....## ##...## #####


You could see an orc warrior, a centaur, 3 orc priests and an orc.

Vanquished Creatures
  Grinder (D:5)
  A necrophage (D:5)
  An ogre (D:5)
  2 crimson imps
  A bullfrog zombie (D:5)
  An orc priest (D:5)
  A centaur skeleton (D:6)
  6 hounds
  An orc wizard (D:5)
  An iguana (D:5)
  2 howler monkey zombies (D:5)
  6 adders
  2 oozes
  An adder skeleton (D:4)
  A worm (D:5)
  A dart slug (D:3)
  3 leopard geckos
  5 orcs
  7 bats
  6 giant cockroaches
  7 goblins
  5 hobgoblins
  6 jackals
  7 kobolds
  2 quokkas
  3 ball pythons
  6 frilled lizards
  A jackal skeleton (D:4)
  A quokka skeleton (D:5)
  6 rats
94 creatures vanquished.

Notes
Turn   | Place    | Note
-------+----------+-------------------------------------------
     0 | D:1      | MalarOregon the Ghoul Warper began the quest for the Orb.
     0 | D:1      | Reached XP level 1. HP: 17/17 MP: 2/2
    27 | D:1      | Reached skill level 1 in Armour
    31 | D:1      | Reached skill level 1 in Throwing
  1185 | D:1      | Reached XP level 2. HP: 17/21 MP: 3/3
  1393 | D:1      | Reached XP level 3. HP: 26/30 MP: 5/5
  2154 | D:2      | Found a faded altar of an unknown god.
  2442 | D:2      | Reached XP level 4. HP: 37/37 MP: 6/6
  3047 | D:2      | Found a burning altar of Makhleb.
  3101 | D:2      | Became a worshipper of Makhleb the Destroyer
  3457 | D:3      | Reached XP level 5. HP: 42/42 MP: 7/7
  3522 | D:3      | Reached skill level 1 in Shields
  3999 | D:3      | Found a shimmering altar of Xom.
  4223 | D:4      | Reached * piety under Makhleb
  4317 | D:4      | HP: 1/45 [hound (5)]
  4606 | D:4      | Reached XP level 6. HP: 35/51 MP: 8/8
  4969 | D:4      | Noticed Dowan
  4970 | D:4      | Noticed Duvessa
  5003 | D:5      | Entered Level 5 of the Dungeon
  5402 | D:5      | Noticed a necrophage
  5429 | D:5      | Killed a necrophage
  5462 | D:5      | Noticed Grinder
  5489 | D:5      | Paralysed by Grinder for 3 turns
  5500 | D:5      | Killed Grinder
  5500 | D:5      | Reached XP level 7. HP: 4/59 MP: 9/9
  6587 | D:5      | Found a burning altar of Makhleb.
  7193 | D:5      | Reached XP level 8. HP: 49/67 MP: 10/10
  7377 | D:6      | Learned a level 2 spell: Blink
  7383 | D:6      | Learned a level 5 spell: Lee's Rapid Deconstruction
  7410 | D:6      | HP: 3/67 [orc priest/divine providence (13)]
  7413 | D:6      | Shot with an arrow by a centaur

Skill      XL: |  1  2  3  4  5  6  7  8 |
---------------+-------------------------+-----
Armour         | 1 2 3 |  3.6
Throwing       | 1 |  1.0
Dodging        | 2 3 4 |  4.0
Spellcasting   | 2 |  2.0
Fighting       | 3 4 |  4.9
Unarmed Combat | 3 4 |  4.9
Shields        | 1 2 3 |  3.0
Translocations | |  2.6

Action                   |  1- 3 |  4- 6 |  7- 9 || total
-------------------------+-------+-------+-------++-------
Melee: Unarmed           |   133 |   401 |   177 ||   711
 Cast: Blink             |       |       |     2 ||     2
Evoke: Wand              |       |     2 |       ||     2
  Use: Potion            |       |     5 |       ||     5
       Scroll            |       |     1 |     1 ||     2
  Eat: Chunk             |     6 |    14 |    11 ||    31
Armor: Leather armour    |    40 |   138 |    36 ||   214
Dodge: Dodged            |    70 |   172 |    73 ||   315
Block: Shield            |     4 |   142 |    64 ||   210
